 Dungeon Crawl Stone Soup version 0.22-a0-362-g535178c (webtiles) character file.

2 Amnesiac the Magician (level 1, -3/13 HPs)
             Began as a Mummy Wizard on Apr 21, 2018.
             Hit by a stone thrown by a kobold (4 damage)
             ... on level 2 of the Dungeon.
             The game lasted 00:00:48 (173 turns).

Amnesiac the Magician (Mummy Wizard)                 Turns: 173, Time: 00:00:49

Health: -3/13      AC:  2    Str: 10    XL:     1   Next: 33%
Magic:  5/5        EV: 12    Int: 17    God:
Gold:   34         SH:  0    Dex: 10    Spells: 7/8 levels left

rFire    x . .     SeeInvis .   (no weapon)
rCold    + . .     Gourm    .   (no shield)
rNeg     + + +     Faith    .   a - +0 robe
rPois    ∞         Spirit   .   b - +0 hat
rElec    .         Reflect  .   (no cloak)
rCorr    .         Harm     .   (no gloves)
MR       .....                  (no boots)
Stlth    ++........             (no amulet)
HPRegen  0.04/turn              (no ring)
MPRegen  0.09/turn              (no ring)

@: no status effects
A: no food or potions, fire vulnerability, cold resistance 1, negative energy
resistance 3, torment resistance, unbreathing
a: no special abilities


You were on level 2 of the Dungeon.
You were not hungry.

You visited 1 branch of the dungeon, and saw 2 of its levels.

You collected 34 gold pieces.

Inventory:

Armour
 a - a +0 robe (worn)
 b - a +0 hat (worn)


   Skills:
 + Level 0.2 Fighting
 * Level 1.7 Dodging
 - Level 1.5 Stealth
 - Level 4.0 Spellcasting
 - Level 0.7 Conjurations
   Level 0.7 Summonings
   Level 0.7 Translocations


You had 7 spell levels left.
You knew the following spells:

 Your Spells              Type           Power        Failure   Level  Hunger
a - Magic Dart            Conj           #...         12%         1    N/A

Dungeon Overview and Level Annotations

Branches:
Dungeon (2/15)

Altars:
Fedhas


Innate Abilities, Weirdness & Mutations

You do not eat or drink.
Your flesh is vulnerable to fire.
You are immune to poison.
Your flesh is cold resistant. (rC+)
You are immune to negative energy. (rN+++)
You are immune to unholy pain and torment.
You can survive without breathing.


Message History

Casting: Magic Dart (safe; 12% risk of failure)
Confirm with . or Enter, or press ? or * to list all spells.
You don't have enough magic to cast that spell.
You start resting.
Your magical contamination has completely faded away.
You start resting.
Magic restored.
You see here a giant cockroach corpse.
A ball python comes into view.
A ball python is nearby!
A ball python is nearby!
Casting: Magic Dart (safe; 12% risk of failure)
Confirm with . or Enter, or press ? or * to list all spells.
Aiming: Magic Dart (safe; 12% risk of failure)
Press: ? - help, Shift-Dir - straight line, f - ball python
Aim: a ball python (resting)
The magic dart hits the ball python.
You kill the ball python!
Casting: Magic Dart (safe; 12% risk of failure)
Confirm with . or Enter, or press ? or * to list all spells.
You can't see any susceptible monsters within range! (Use Z to cast anyway.)
Casting: Magic Dart (safe; 12% risk of failure)
Confirm with . or Enter, or press ? or * to list all spells.
You can't see any susceptible monsters within range! (Use Z to cast anyway.)
Casting: Magic Dart (safe; 12% risk of failure)
Confirm with . or Enter, or press ? or * to list all spells.
You can't see any susceptible monsters within range! (Use Z to cast anyway.)
You start resting.
Magic restored.
Found a robe.
Found a ration and a red potion.
You now have 11 gold pieces.
You now have 20 gold pieces (gained 9).
A frilled lizard comes into view.
Found an escape hatch in the floor.
There is an escape hatch in the floor here.
The frilled lizard hisses angrily.
You slide downwards.
The hatch slams shut behind you.
You now have 34 gold pieces (gained 14).
A worm comes into view.
A worm is nearby!
An adder comes into view.
Found a blossoming altar of Fedhas.
A kobold comes into view. It is wielding a club.
The kobold shouts!
A rat and a kobold come into view.
The kobold shouts!
The kobold hits you.
A rat comes into view.
The kobold throws a stone.
The stone hits you. The kobold hits you with a club!
Ouch! That really hurt!
* * * LOW HITPOINT WARNING * * *
You see here a stone.
The kobold completely misses you. The rat closely misses you.
Found 2 ruby potions.
The rat twitches its whiskers.
Found 12 gold pieces.
Found a stone staircase leading down.
Found a stone staircase leading up.
Found a stone staircase leading down.
A kobold comes into view. It is wielding a dagger.
The kobold shouts!
The kobold throws a stone.
The stone hits you.
You die...

#.$.............K
#................
#................
#.....!..........
#................
....
#................
...
#....K...........
...
#.r.K.r..@.......
..
#.##.###.........
.♣ #.##.#
####.<.... .♣♣
#K#..# . ...##.
..♣♣♣♣ #K..###..
..>. ####.#
#.w##.... .##..
S....# #.....#.#
# .
##.#####(.......
#..w............


You could see 3 kobolds and 2 rats.

Vanquished Creatures
  A ball python (D:1)
  A giant cockroach (D:1)
2 creatures vanquished.

Notes
Turn   | Place    | Note
-------+----------+-------------------------------------------
     0 | D:1      | Amnesiac the Mummy Wizard began the quest for the Orb.
     0 | D:1      | Reached XP level 1. HP: 13/13 MP: 5/5
   150 | D:2      | Found a blossoming altar of Fedhas.
   173 | D:2      | Hit by a stone thrown by a kobold

Vault maps used:
D:1:      elethiomel_arrival_quiet, minmay_misc_feat_secret_circle
D:2:      ashenzari_conservatory_becter, fedhas_altar_fruit_tree

Action                   || total
-------------------------++-------
 Cast: Magic Dart        ||     5
Dodge: Dodged            ||     2

Table legend:
 A = Spawn XP
 B = Non-spawn XP
 C = Spawn XP percentage of total XP
 D = Spawn monster count
 E = Non-spawn monster count
 F = Spawn count percentage of total count
 G = Total turns spent on level
                    A         B        C        D         E        F      G
               +---------+---------+-------+---------+---------+-------+---------
         Total |       0 |       4 |   0.0 |       0 |       2 |   0.0 |   173
               +---------+---------+-------+---------+---------+-------+---------
           D:1 |       0 |       4 |   0.0 |       0 |       2 |   0.0 |   136
               +---------+---------+-------+---------+---------+-------+---------
